 Dungeon Crawl Stone Soup version 0.22.0-75-g3901e7991e (webtiles) character file.

1266 Riddle the Digger (level 8, 0/58 HPs)
             Began as a Gnoll Earth Elementalist on Sept 13, 2018.
             Was an Initiate of Dithmenos.
             Slain by Blork the orc
             ... wielding a +2 mace of protection
              (2 damage)
             ... on level 5 of the Dungeon.
             The game lasted 00:21:01 (6941 turns).

Riddle the Digger (Gnoll Earth Elementalist)        Turns: 6941, Time: 00:21:02

Health: 0/58       AC: 10    Str: 10    XL:     8   Next: 52%
Magic:  11/17      EV:  9    Int: 19    God:    Dithmenos [......]
Gold:   317        SH:  9    Dex: 17    Spells: 13/19 levels left

rFire    . . .     SeeInvis .   t - +0 scimitar
rCold    . . .     Gourm    .   l - +1 shield
rNeg     . . .     Faith    .   w - +0 scale mail
rPois    .         Spirit   .   (no helmet)
rElec    .         Reflect  .   (no cloak)
rCorr    .         Harm     .   j - +2 pair of gloves
MR       .....                  (no boots)
Stlth    ++........             (no amulet)
HPRegen  0.19/turn              (no ring)
MPRegen  0.15/turn              (no ring)

@: very slightly contaminated
A: distributed training, fangs 1, strong nose
a: Renounce Religion


You were on level 5 of the Dungeon.
You worshipped Dithmenos.
Dithmenos was noncommittal.
You were not hungry.

You visited 2 branches of the dungeon, and saw 6 of its levels.

You collected 317 gold pieces.

Inventory:

Hand Weapons
 t - a +0 scimitar (weapon)
Missiles
 b - 343 stones (quivered)
 p - 5 javelins of returning
Armour
 c - a +0 robe
 j - a +2 pair of gloves (worn)
 l - a +1 shield (worn)
 w - a +0 scale mail (worn)
Jewellery
 o - an uncursed amulet of faith
Wands
 d - a wand of iceblast (7)
Scrolls
 a - 2 scrolls of blinking {unknown}
 h - a scroll of identify
 i - 2 scrolls of remove curse
 k - a scroll of enchant armour
 m - a scroll of immolation {unknown}
 n - 4 scrolls of teleportation
 s - a scroll of fog {unknown}
 v - a scroll of fear {unknown}
Potions
 e - 4 potions of curing {unknown}
 g - a potion of haste {unknown}
 q - a potion of brilliance {unknown}
 r - a potion of flight {unknown}
 u - a potion of berserk rage {unknown}
Comestibles
 f - a ration


   Skills:
 + Level 3.3 Fighting
 + Level 3.3 Short Blades
 + Level 3.3 Long Blades
 + Level 3.3 Axes
 + Level 3.3 Maces & Flails
 + Level 3.3 Polearms
 + Level 3.3 Staves
 + Level 3.3 Slings
 + Level 3.3 Bows
 + Level 3.3 Crossbows
 + Level 3.3 Throwing
 + Level 3.3 Armour
 + Level 5.7 Dodging
 + Level 5.4 Stealth
 + Level 3.3 Shields
 + Level 3.3 Unarmed Combat
 + Level 6.0 Spellcasting
 + Level 2.6 Conjurations
 + Level 2.6 Hexes
 + Level 2.6 Charms
 + Level 2.6 Summonings
 + Level 2.6 Necromancy
 + Level 2.6 Translocations
 + Level 3.5 Transmutations
 + Level 2.6 Fire Magic
 + Level 2.6 Ice Magic
 + Level 2.6 Air Magic
 + Level 6.1 Earth Magic
 + Level 2.6 Poison Magic
 + Level 3.6 Invocations
 + Level 3.3 Evocations


You had 13 spell levels left.
You knew the following spells:

 Your Spells              Type           Power        Failure   Level  Hunger
a - Sandblast             Erth           ####..       26%         1    None
b - Passwall              Tmut/Erth      ###.....     54%         2    None
c - Stone Arrow           Conj/Erth      ###...       83%         3    ##.....

Your spell library contained the following spells:

 Spells                   Type           Power        Failure   Level  Hunger
 Petrify                  Tmut/Erth      ###.....     99%         4    ####...
 Lee's Rapid Deconstruct  Erth           ####......   100%        5    #####..


Dungeon Overview and Level Annotations

Branches:
Dungeon (5/15)             Temple (1/1) D:4

Altars:
Ashenzari
Cheibriados
Dithmenos
Elyvilon
Kikubaaqudgha
Makhleb
Nemelex Xobeh
Okawaru
Trog
Uskayaw
Vehumet
Wu Jian
Xom
Yredelemnul
Zin
The Shining One

Shops:
D:5 :

Annotations:
D:5 Blork the orc


Innate Abilities, Weirdness & Mutations

Your experience applies equally to all skills.
You have very sharp teeth.
Your uncanny sense of smell can sniff out nearby items.


Message History

Casting: Passwall (safe; 54% risk of failure)
Confirm with . or Enter, or press ? or * to list all spells.
Aiming: Passwall (safe; 54% risk of failure)
Press: ? - help, Dir - move target cursor, f - you Please select a wall.
Please select a wall.
Okay, then.
Casting: Passwall (safe; 54% risk of failure)
Confirm with . or Enter, or press ? or * to list all spells.
Aiming: Passwall (safe; 54% risk of failure)
Press: ? - help, Dir - move target cursor A rock wall.
You block something's attack.
You begin to meditate on the wall.
You continue meditating on the rock.
You hear some strange, mumbled words.
A magic dart appears from out of thin air!
The magic dart hits you!
* * * LOW HITPOINT WARNING * * *
Something hits you.
You die...

#.>....# #. #{# ##
#(##### # ∆ #(#...### #
#####........ #
#+####...†...#.### #
#........).###...# #
#.##..#............# #
#####
#.....@.....#.####.....
###...# ###.#.###...#.#
#... ......#####
#...#...#.# .$
.#........#
#)###.#...#∩# ∆
.........(#
#.....#)..#.#
##........#
###.......#.####
###...###.#
#.............
..........#
#.......#.####
.####....## #.........#


There were no monsters in sight!

Vanquished Creatures
  An ice beast (D:5)
  A sky beast (D:5)
  A centaur (D:5)
  9 big kobolds (D:4)
  A bullfrog (D:5)
  A crimson imp (D:5)
  2 hounds
  A bullfrog skeleton (D:5)
  7 adders
  A howler monkey skeleton (D:5)
  An ooze (D:2)
  An adder skeleton (D:5)
  2 worms (D:2)
  3 dart slugs
  An orc (D:3)
  3 bats
  4 giant cockroaches
  6 hobgoblins
  4 jackals (D:2)
  55 kobolds
  A quokka (D:3)
  7 frilled lizards
  9 goblins
  4 rats
126 creatures vanquished.

Notes
Turn   | Place    | Note
-------+----------+-------------------------------------------
     0 | D:1      | Riddle the Gnoll Earth Elementalist began the quest for the
                  | Orb.
     0 | D:1      | Reached XP level 1. HP: 13/13 MP: 6/6
   484 | D:1      | Reached XP level 2. HP: 19/19 MP: 7/7
   528 | D:1      | Learned a level 2 spell: Passwall
  1275 | D:2      | Reached XP level 3. HP: 19/25 MP: 9/9
  1438 | D:2      | Reached skill level 5 in Spellcasting
  1784 | D:2      | Learned a level 3 spell: Stone Arrow
  1793 | D:2      | Reached skill level 1 in Invocations
  2125 | D:2      | Reached skill level 1 in Fighting
  2125 | D:2      | Reached skill level 1 in Short Blades
  2125 | D:2      | Reached skill level 1 in Long Blades
  2125 | D:2      | Reached skill level 1 in Axes
  2125 | D:2      | Reached skill level 1 in Maces & Flails
  2125 | D:2      | Reached skill level 1 in Polearms
  2125 | D:2      | Reached skill level 1 in Staves
  2125 | D:2      | Reached skill level 1 in Slings
  2125 | D:2      | Reached skill level 1 in Bows
  2125 | D:2      | Reached skill level 1 in Crossbows
  2125 | D:2      | Reached skill level 1 in Throwing
  2125 | D:2      | Reached skill level 1 in Armour
  2125 | D:2      | Reached skill level 1 in Shields
  2125 | D:2      | Reached skill level 1 in Unarmed Combat
  2125 | D:2      | Reached skill level 1 in Evocations
  2244 | D:2      | Reached XP level 4. HP: 26/32 MP: 11/11
  2794 | D:3      | Found a white marble altar of Elyvilon.
  2811 | D:3      | Reached skill level 1 in Conjurations
  2811 | D:3      | Reached skill level 1 in Hexes
  2811 | D:3      | Reached skill level 1 in Charms
  2811 | D:3      | Reached skill level 1 in Summonings
  2811 | D:3      | Reached skill level 1 in Necromancy
  2811 | D:3      | Reached skill level 1 in Translocations
  2811 | D:3      | Reached skill level 1 in Fire Magic
  2811 | D:3      | Reached skill level 1 in Ice Magic
  2811 | D:3      | Reached skill level 1 in Air Magic
  2811 | D:3      | Reached skill level 1 in Poison Magic
  3084 | D:3      | Reached XP level 5. HP: 37/37 MP: 12/12
  3271 | D:3      | You fall through a shaft!
  3680 | D:4      | Noticed a big kobold
  3753 | D:4      | Killed a big kobold
  3994 | D:4      | Noticed a big kobold
  3995 | D:4      | Noticed a big kobold
  4031 | D:4      | Killed a big kobold
  4031 | D:4      | Reached XP level 6. HP: 43/44 MP: 10/14
  4047 | D:4      | Reached skill level 5 in Dodging
  4308 | D:4      | Reached XP level 7. HP: 48/50 MP: 11/15
  4475 | D:4      | Reached skill level 5 in Stealth
  5563 | D:4      | Found a staircase to the Ecumenical Temple.
  5809 | Temple   | Entered the Ecumenical Temple
  5869 | Temple   | Became a worshipper of Dithmenos the Shadowed
  6307 | D:5      | Entered Level 5 of the Dungeon
  6321 | D:5      | Found an iron altar of Okawaru.
  6331 | D:5      | Reached XP level 8. HP: 51/57 MP: 16/16
  6523 | D:5      | Got an opalescent robe
  6540 | D:5      | Identified the +2 robe "Lauwn" {-Tele rElec rF++ Str-5}
                  | (You found it on level 5 of the Dungeon)
  6553 | D:5      | Found a hide-covered altar of Uskayaw.
  6555 | D:5      | Found a glowing silver altar of Zin.
  6890 | D:5      | Found Ukesch's Book Boutique.
  6911 | D:5      | Noticed Blork the orc
  6941 | D:5      | HP: 2/58 [something/magic dart (8)]
  6941 | D:5      | Slain by Blork the orc

Skill      XL: |  1  2  3  4  5  6  7  8 |
---------------+-------------------------+-----
Transmutations | 2 3 |  3.5
Spellcasting   | 5 6 |  6.0
Invocations    | 1 2 3 |  3.6
Fighting       | 1 2 3 |  3.3
Short Blades   | 1 2 3 |  3.3
Long Blades    | 1 2 3 |  3.3
Axes           | 1 2 3 |  3.3
Maces & Flails | 1 2 3 |  3.3
Polearms       | 1 2 3 |  3.3
Staves         | 1 2 3 |  3.3
Slings         | 1 2 3 |  3.3
Bows           | 1 2 3 |  3.3
Crossbows      | 1 2 3 |  3.3
Throwing       | 1 2 3 |  3.3
Armour         | 1 2 3 |  3.3
Shields        | 1 2 3 |  3.3
Unarmed Combat | 1 2 3 |  3.3
Evocations     | 1 2 3 |  3.3
Conjurations   | 1 2 |  2.6
Hexes          | 1 2 |  2.6
Charms         | 1 2 |  2.6
Summonings     | 1 2 |  2.6
Necromancy     | 1 2 |  2.6
Translocations | 1 2 |  2.6
Fire Magic     | 1 2 |  2.6
Ice Magic      | 1 2 |  2.6
Air Magic      | 1 2 |  2.6
Poison Magic   | 1 2 |  2.6
Dodging        | 5 |  5.7
Stealth        | 5 |  5.4
Earth Magic    | 6 |  6.1

Action                   |  1- 3 |  4- 6 |  7- 9 || total
-------------------------+-------+-------+-------++-------
Melee: Spear             |   126 |   189 |    62 ||   377
       Bite              |    10 |     7 |    21 ||    38
       Scimitar          |       |       |    68 ||    68
 Cast: Sandblast         |     3 |    45 |    25 ||    73
       Stone Arrow       |     6 |       |       ||     6
       Passwall          |       |       |     1 ||     1
  Use: Scroll            |       |     1 |     3 ||     4
 Stab: Sleeping          |     9 |     7 |     6 ||    22
  Eat: Chunk             |     5 |     4 |     4 ||    13
       Ration            |       |     1 |     1 ||     2
Armor: Robe              |     5 |    16 |    25 ||    46
       Ring mail         |     1 |    10 |       ||    11
       Scale mail        |       |       |     7 ||     7
Dodge: Dodged            |    55 |   106 |    71 ||   232
Block: Shield            |       |    66 |    69 ||   135
       Rpst.: Scimitar   |       |       |    25 ||    25
